 Dungeon Crawl Stone Soup version 0.29.0-4-gdea44cf6ec (webtiles) character file.

Game seed: 15467369583194587352

2685 ProzacElf the Grappler (level 9, 0/74 HPs)
             Began as a Troll Hedge Wizard on Aug 26, 2022.
             Was an Elder of Okawaru.
             Slain by a hornet (5 damage)
             ... while paralysed by a hornet
             ... on level 8 of the Dungeon on Aug 27, 2022.
             The game lasted 00:15:11 (5544 turns).

ProzacElf the Grappler (Troll Hedge Wizard)         Turns: 5544, Time: 00:15:12

Health: 0/74       AC:  6    Str: 20    XL:     9   Next: 38%
Magic:  11/11      EV:  1    Int: 10    God:    Okawaru [****..]
Gold:   459        SH:  0    Dex: 13    Spells: 11/12 levels left

rFire   + . .      SeeInvis .     - Unarmed
rCold   . . .      Faith    .   (no shield)
rNeg    . . .      Spirit   .   y - +1 robe {rF+}
rPois   .          Reflect  .   c - +0 hat
rElec   .          Harm     .   I - +0 cloak
rCorr   +          Rampage  .   (gloves unavailable)
Will    +....                   (boots unavailable)
Stlth   ++........              (no amulet)
HPRegen 1.02/turn               f - ring of resist corrosion
MPRegen 0.12/turn               K - ring of willpower

@: paralysed, lethally poisoned (0 -> -2), slowed
A: large, unfitting armour, claws 3, regeneration 1, shaggy fur 1, tough skin 1
a: Renounce Religion, Heroism, Finesse


You were on level 8 of the Dungeon.
You worshipped Okawaru.
Okawaru was greatly pleased with you.
You visited 2 branches of the dungeon, and saw 9 of its levels.
You also visited: Sewer.

You collected 562 gold pieces.
You spent 103 gold pieces at shops.

Inventory:

Hand Weapons
 b - a +0 giant club
 q - a +3 glaive of pain
 x - a +0 spear of venom
 C - a +2 vampiric trident
Missiles
 l - 6 boomerangs (quivered)
 N - 2 poisoned darts
Armour
 c - a +0 hat (worn)
 j - a +0 robe
 y - a +1 robe of fire resistance (worn)
 D - a scarf of harm
 I - a +0 cloak (worn)
Magical Staves
 t - a staff of conjuration {!a}
Jewellery
 f - a ring of resist corrosion (left claw)
 J - a ring of flight
 K - a ring of willpower (right claw)
Wands
 F - a wand of paralysis (7)
 H - a wand of quicksilver (8)
Scrolls
 e - 12 scrolls of teleportation
 h - a scroll of enchant armour {unknown}
 m - 7 scrolls of identify
 o - a scroll of fear
 p - a scroll of immolation {unknown}
 r - 3 scrolls of summoning {unknown}
 s - a scroll of noise {unknown}
 w - a scroll of poison {unknown}
 A - a scroll of brand weapon {unknown}
 B - a scroll of magic mapping {unknown}
 E - a scroll of vulnerability {unknown}
 L - a scroll of silence {unknown}
 M - a scroll of amnesia {unknown}
Potions
 a - a potion of heal wounds
 d - 3 potions of magic
 g - 2 potions of haste
 i - 2 potions of brilliance
 k - 2 potions of curing
 n - 2 potions of might {unknown}
 u - a potion of flight {unknown}
 v - 4 potions of attraction
 z - 2 potions of invisibility {unknown}
 G - a potion of cancellation {unknown}


   Skills:
 - Level 5.0 Dodging
 - Level 1.0 Stealth
 - Level 10.0 Unarmed Combat
 - Level 2.0 Spellcasting
 - Level 0.6 Conjurations
 - Level 0.6 Summonings
 - Level 0.6 Translocations
 + Level 5.1 Invocations


You had 11 spell levels left.
You knew the following spells:

 Your Spells              Type           Power      Damage    Failure   Level
a - Magic Dart            Conj           8%         1d3       24%         1

Your spell library contained the following spells:

 Spells                   Type           Power      Damage    Failure   Level
 Foxfire                  Conj/Fire      4%         2x1d4     28%         1
 Slow                     Hex            4%         N/A       30%         1
 Sting                    Tmut/Pois      4%         1d3       30%         1
 Blink                    Tloc           4%         N/A       36%         2
 Ensorcelled Hibernation  Hex/Ice        2%         N/A       43%         2
 Gell's Gravitas          Tloc           2%         N/A       58%         3
 Lesser Beckoning         Tloc           2%         N/A       58%         3
 Teleport Other           Tloc           2%         N/A       58%         3
 Conjure Flame            Conj/Fire      1%         6-21      63%         3
 Portal Projectile        Hex/Tloc       2%         N/A       63%         3
 Mephitic Cloud           Conj/Pois/Air  1%         N/A       65%         3
 Inner Flame              Hex/Fire       1%         N/A       67%         3
 Flame Wave               Conj/Fire      1%         2d4       95%         4
 Cause Fear               Hex            0%         N/A       97%         4
 Leda's Liquefaction      Hex/Erth       0%         N/A       97%         4
 Alistair's Intoxication  Tmut/Pois      0%         N/A       100%        5
 Borgnjor's Vile Clutch   Necr/Erth      0%         N/A       100%        5
 Freezing Cloud           Conj/Ice/Air   0%         6-21      100%        5
 Eringya's Noxious Bog    Tmut/Pois      0%         N/A       100%        6
 Enfeeble                 Hex            0%         N/A       100%        7
 Discord                  Hex            0%         N/A       100%        8
 Fire Storm               Conj/Fire      0%         6d1       100%        9
 Shatter                  Erth           0%         3d5*      100%        9
 Call Imp                 Summ           Unusable   N/A       N/A         2
 Call Canine Familiar     Summ           Unusable   N/A       N/A         3

Dungeon Overview and Level Annotations

Branches:
Dungeon (8/15)             Temple (1/1) D:4           Sewer (visited)
   Lair: D:8-11

Altars:
Ashenzari
Cheibriados
Dithmenos
Elyvilon
Fedhas
Gozag
Hepliaklqana
Kikubaaqudgha
Makhleb
Nemelex Xobeh
Okawaru
Ru
Sif Muna
Trog
Uskayaw
Vehumet
Wu Jian
Xom
Yredelemnul
Zin
The Shining One

Shops:
D:5 ?:   D:8 *

Annotations:
D:3 3 runed translucent doors, 1 exclusion, Tollund's ghost, amateur MiFi


Innate Abilities, Weirdness & Mutations

You are too large for most types of armour.
You have claws for hands.
Your natural rate of healing is unusually fast.
You are covered in fur. (AC +1)
You have tough skin. (AC +1)


Message History

Ye scratch tha hornet but do nay damage.
Ye feel very sick.
Tha hornet closely misses ye.
Tha kobold closely misses ye.
Tha kobold brigand closely misses ye.
Tha hornet stin's ye!
* * * LOW HITPOINT WARNIN'
* * * Ye feel yerself slow down.
Ye take 11 damage, an' haf 12/74 hp.
As ye read tha scroll labelled GANA RI DOARU, it crumbles ta dust.
Ye assume a fearsome visage.
Tha hornet looks frighten'd!
Tha kobold brigand looks frighten'd!
Tha kobold looks frighten'd!
It was a scroll o' fear.
Ye feel yerself speed up.
Ye feel very sick.
Ye take 1 damage, an' haf 11/74 hp.
Ye feel sick.
Ye take 1 damage, an' haf 10/74 hp.
Ye feel sick.
Ye feel sick.
Ye feel sick.
Thin's tha be 'ere: a +0 short sword; a kobold corpse Ye feel sick.
Ye feel sick.
Ye feel sick.
Ye be nay longer poison'd.
An orc an' an orc wizard come inta view.
Thar be an entrance ta Dagarux's General Store 'ere.
Thar be an 'scape hatch in tha ceilin' 'ere.
Ye claw tha hornet!
Tha hornet be moderately wounded.
Tha hornet stin's ye!
* * * LOW HITPOINT WARNIN'
* * * Ye feel yerself slow down.
Tha hornet stin's ye!
* * * LOW HITPOINT WARNIN'
* * * Ye be poison'd.
Ye sudd'nly lose tha ability ta move!
Ye feel very sick.
Tha hornet stin's ye but does nay damage.
Ye feel sick.
Tha hornet stin's ye.
Ye die...

#............###### # #
#...##........#...# #
#.#.##..####...#.......###.
.............#####......#..
..........8..#.#...........
......................>....
..#.######∩.............###
.#.#...y.............###
.......@...............#
.......................<
..##...8..............## .
.................####
#.#.#.##..........# ######
#.#....#### .##.## .. ..


You could see a hornet.

Vanquished Creatures
  Menkaure (D:7)
  2 orc warriors
  2 ice beasts
  A sky beast (D:7)
  2 ogres
  A centaur (D:7)
  2 phantoms
  A gnoll sergeant (D:7)
  2 kobold brigands (D:7)
  3 necrophages
  7 bullfrogs
  2 scorpions
  A howler monkey (D:4)
  5 hounds
  An orc priest (D:5)
  Crazy Yiuf (D:6)
  A gnoll bouda (D:6)
  6 orc wizards
  11 adders
  9 gnolls
  A worm (D:3)
  An adder skeleton (D:2)
  A dart slug (D:4)
  17 orcs
  2 bat zombies (D:2)
  9 endoplasms
  12 giant cockroaches
  10 goblins
  6 hobgoblins
  16 quokkas
  14 ball pythons
  7 bats
  13 frilled lizards
  18 kobolds
  8 rats
  A spectral goblin (D:2)
197 creatures vanquished.

Vanquished Creatures (others)
  17 fungi (D:6)
17 creatures vanquished.

Grand Total: 214 creatures vanquished

Notes
Turn   | Place    | Note
-------+----------+-------------------------------------------
     0 | D:1      | ProzacElf the Troll Hedge Wizard began the quest for the
                  | Orb.
     0 | D:1      | Reached XP level 1. HP: 16/16 MP: 2/2
    89 | D:1      | Reached skill level 1 in Unarmed Combat
    91 | D:1      | Reached XP level 2. HP: 15/24 MP: 4/4
   586 | D:2      | Reached XP level 3. HP: 28/31 MP: 5/5
   657 | D:2      | Reached skill level 2 in Unarmed Combat
   698 | D:2      | Found an opulent altar of Gozag.
   763 | D:2      | Found a faded altar of an unknown god.
   776 | D:2      | Prayed at the altar of an unknown god.
   776 | D:2      | Became a worshipper of Warmaster Okawaru
   776 | D:2      | Reached * piety under Okawaru
  1011 | D:3      | Reached XP level 4. HP: 36/39 MP: 6/6
  1054 | D:3      | Found a runed translucent gate.
  1055 | D:3      | Found a runed translucent gate.
  1055 | D:3      | Found a runed translucent gate.
  1055 | D:3      | Noticed Tollund's ghost (amateur MiFi)
  1203 | D:3      | Got the Verses on the Violent Figure
  1275 | D:3      | Found a glowing drain.
  1285 | Sewer    | Entered a sewer
  1322 | Sewer    | Reached skill level 3 in Unarmed Combat
  1424 | Sewer    | Reached XP level 5. HP: 31/45 MP: 7/7
  1613 | Sewer    | Reached ** piety under Okawaru
  1622 | Sewer    | Reached skill level 4 in Unarmed Combat
  1622 | Sewer    | Reached XP level 6. HP: 40/53 MP: 8/8
  1729 | D:3      | Found a shadowy altar of Dithmenos.
  1891 | D:4      | Found an ornate altar of the Wu Jian Council.
  1939 | D:4      | Found a staircase to the Ecumenical Temple.
  1944 | D:4      | Found a broken altar of Ashenzari.
  1954 | Temple   | Entered the Ecumenical Temple
  2375 | D:4      | Reached skill level 5 in Unarmed Combat
  2403 | D:4      | Reached XP level 7. HP: 58/59 MP: 9/9
  2582 | D:4      | Got the Grimoire of Solid Guile
  3112 | D:5      | Entered Level 5 of the Dungeon
  3112 | D:5      | Found Yduruall's Magic Scroll Boutique.
  3192 | D:5      | Reached skill level 5 in Dodging
  3202 | D:5      | Bought a scroll of identify for 28 gold pieces
  3202 | D:5      | Bought a scroll of teleportation for 42 gold pieces
  3304 | D:5      | Found Wiarank's Book Shop.
  3331 | D:5      | Reached skill level 6 in Unarmed Combat
  3423 | D:5      | You fall into a shaft and drop 3 floors!
  3423 | D:8      | Found Dagarux's General Store.
  3427 | D:8      | Bought a potion of curing for 33 gold pieces
  3455 | D:7      | Reached *** piety under Okawaru
  3517 | D:7      | Reached skill level 7 in Unarmed Combat
  3517 | D:7      | Reached XP level 8. HP: 33/67 MP: 10/10
  3643 | D:6      | Reached skill level 8 in Unarmed Combat
  3933 | D:6      | Reached skill level 9 in Unarmed Combat
  4166 | D:6      | Reached skill level 1 in Invocations
  4190 | D:6      | Found an opulent altar of Gozag.
  4465 | D:6      | Found a runed translucent door.
  4466 | D:6      | Noticed Crazy Yiuf
  4472 | D:6      | Killed Crazy Yiuf
  4655 | D:7      | Found a basalt altar of Yredelemnul.
  4706 | D:7      | Reached **** piety under Okawaru
  4707 | D:7      | Reached XP level 9. HP: 64/74 MP: 11/11
  4740 | D:7      | Noticed Menkaure
  4901 | D:7      | Reached skill level 10 in Unarmed Combat
  4990 | D:7      | Killed Menkaure
  5430 | D:7      | Reached skill level 5 in Invocations
  5542 | D:8      | Paralysed by a hornet for 3 turns
  5544 | D:8      | Slain by a hornet

Illustrated notes

Levels and vault maps discovered:
D:1:      nzn_arrival_water_spiral, layout_basic, st_stairs_2,
          minmay_box_of_dots
D:2:      layout_rooms, basic_altar, serial_undead, serial_undead_a,
          serial_undead_c, serial_undead_e, serial_undead_a,
          dreamdust_ecumenical_altar_drowned_temple, minmay_tromino_v4_b
D:3:      layout_basic, amcnicky_altar_gilded, portal_sewer_entry_d,
          gammafunk_ghost_split
D:4:      kennysheep_six_static_rooms, layout_basic,
          ashenzari_conservatory_becter, overflow_temple_1_default,
          minmay_temple_entry_stoned_glass, serial_corexii_hall,
          corexii_hall_statues_s, chequers_hall_statues_corner_a,
          corexii_hall_statues_l, corexii_hall_statues_t
D:5:      layout_basic, serial_shops, shop, nicolae_shop_advertising_works
          [nicolae_subvault_shop_adworks]
D:6:      layout_rooms, grunt_gozag_statues, serial_aquarium,
          aquarium_bridge_island_small [aquarium_subvault_small_open,
          aquarium_subvault_bridge, aquarium_subvault_balcony,
          aquarium_subvault_bridge, aquarium_subvault_wall],
          aquarium_bridge_long_separate [aquarium_subvault_bridge,
          aquarium_subvault_wall, aquarium_subvault_wall,
          aquarium_subvault_bridge, aquarium_subvault_bridge,
          aquarium_subvault_window], aquarium_window_3, aquarium_window_fake,
          aquarium_window_fake, aquarium_window_2, aquarium_view_2e,
          aquarium_view_2a, interstate_on_off, uniq_crazy_yiuf_cottage
D:7:      layout_loops_ring, mainiacjoe_overflow_alcove_1, uniq_menkaure
D:8:      layout_cave_pools, david_lair_shrubbed, serial_shops, shop_statue,
          dreamdust_wishing_well
Temple:   nicolae_temple_slightly_damp_pantheon

Skill      XL: |  1  2  3  4  5  6  7  8  9 |
---------------+----------------------------+-----
Unarmed Combat | 1 2 3 4 5 7 9 10 | 10.0
Dodging        | 2 3 4 5 |  5.0
Invocations    | 2 5 |  5.1
Stealth        | |  1.0
Spellcasting   | |  2.0
Conjurations   | |  0.6
Summonings     | |  0.6
Translocations | |  0.6

Action                   |  1- 3 |  4- 6 |  7- 9 || total
-------------------------+-------+-------+-------++-------
Melee: Unarmed           |   134 |   218 |   255 ||   607
       Punch             |     2 |     3 |    14 ||    19
  Use: Potion            |       |       |     4 ||     4
       Scroll            |       |       |     3 ||     3
Armor: Robe              |    54 |    97 |    69 ||   220
Dodge: Dodged            |    71 |   124 |   147 ||   342
